 Dungeon Crawl Stone Soup version 0.31-a0-743-g45f7035092 (webtiles) character file.

Game seed: 1432536965465248415

244 jlumianski the Vexing (level 5, -4/29 HPs)
             Began as a Deep Elf Hexslinger on Sept 13, 2023.
             Was an Initiate of Hepliaklqana.
             Killed from afar by Blork the orc (9 damage)
             ... with a puff of flame
             ... on level 4 of the Dungeon.
             The game lasted 00:42:50 (4347 turns).

jlumianski the Vexing (Deep Elf Hexslinger)         Turns: 4347, Time: 00:42:54

Health: -4/29      AC:  3    Str:  3 (5)  XL:     5   Next: 83%
Magic:  9/11       EV: 13    Int: 19 (20) God:    Hepliaklqana [......]
Gold:   152        SH:  0    Dex: 17      Spells: 2/10 levels left

rFire   . . .        a - +1 sling
rCold   . . .        (no shield)
rNeg    . . .        c - +0 robe
rPois   .            (no helmet)
rElec   .            (no cloak)
rCorr   .            C - +0 pair of gloves
SInv    .            (no boots)
Will    .....        (no amulet)
Stlth   ++           (no ring)
HPRegen 0.24/turn    (no ring)
MPRegen 0.12/turn

%: no passive effects
@: no status effects
A: no striking features
a: Renounce Religion


You were on level 4 of the Dungeon.
You worshipped Hepliaklqana.
Hepliaklqana was noncommittal.
You visited 1 branch of the dungeon, and saw 5 of its levels.

You collected 152 gold pieces.

Inventory:

Hand Weapons
 a - a +1 sling (weapon)
 f - a +0 short sword
 v - a +0 spectral trident
Missiles
 p - 5 poisoned darts
 y - 2 throwing nets
 D - 3 javelins
Armour
 c - a +0 robe (worn)
 q - a +0 leather armour
 C - a +0 pair of gloves (worn)
Magical Staves
 h - a staff of conjuration
Jewellery
 e - an amulet of magic regeneration
 x - an amulet of regeneration
Talismans
 w - a flux talisman
Wands
 E - a wand of mindburst (4)
Scrolls
 b - a scroll of poison
 d - 2 scrolls of vulnerability
 i - a scroll of enchant weapon {unknown}
 j - a scroll of immolation
 l - a scroll of amnesia {unknown}
 m - a scroll of torment {unknown}
 n - a scroll of fog {unknown}
 o - 2 scrolls of fear
 r - a scroll of noise {unknown}
 t - a scroll of blinking
 B - 2 scrolls of teleportation {unknown}
Potions
 g - a potion of enlightenment
 k - a potion of brilliance
 u - a potion of degeneration
 z - a potion of might {unknown}
 A - a potion of ambrosia {unknown}


   Skills:
 + Level 1.5 Fighting
 + Level 5.2 Ranged Weapons
 + Level 2.8 Dodging
 + Level 1.4 Stealth
 + Level 3.2 Spellcasting
 + Level 5.7 Hexes
 + Level 1.1 Fire Magic


You had 2 spell levels left.
You knew the following spells:

 Your Spells              Type           Power      Damage    Failure   Level
a - Jinxbite              Hex            50%        N/A       2%          2
b - Inner Flame           Hex/Fire       16%        N/A       11%         3
c - Sigil of Binding      Hex            25%        N/A       4%          3

Your spell library contained the following spells:

 Spells                   Type           Power      Damage    Failure   Level
 Apportation              Tloc           6%         N/A       16%         1
 Cigotuvi's Dreadful Rot  Necr/Pois/Air  6%         N/A       22%         2
 Cause Fear               Hex            12%        N/A       14%         4
 Ignite Poison            Fire/Tmut/Pois 4%         N/A       36%         3
 Dimensional Bullseye     Hex/Tloc       7%         N/A       41%         4
 Alistair's Intoxication  Tmut/Pois      2%         N/A       99%         5
 Freezing Cloud           Conj/Ice/Air   1%         6-21      99%         5


Dungeon Overview and Level Annotations

Branches:
Dungeon (5/15)
 Temple: D:4-7

Altars:
Elyvilon
Hepliaklqana
Okawaru

Annotations:
D:3 1 runed translucent door, jpeg9000's ghost, amateur TrSh
D:4 Blork the orc


Message History

Found a dagger.
Blork the orc shouts!
Blork the orc mumbles some strange words.
Blork the orc seems to speed up.
Blork the orc screams, "I'll drink your blood!
Soon!"
Blork the orc hits you with a +0 scimitar!
Blork the orc gestures at you while chanting.
The magic dart hits you!
Casting: Sigil of Binding (dangerous; 4% risk of failure)
Confirm with . or Enter, or press ? or * to list all spells.
You inscribe a pair of binding sigils nearby!
Blork the orc casts a cantrip, but nothing happens.
Blork the orc casts a spell at you. The puff of flame hits you!
* * * LOW HITPOINT WARNING * * *
Blork the orc looks braver for a moment.
Blork the orc moves over your binding sigil and is bound in place!
You feel better.
Aiming: Mindburst
Press: ? - help, Shift-Dir - straight line, f - Blork the orc
Aim: Blork the orc, wielding a +0 scimitar and wearing a +0 robe (fast, bound in place, chance to affect: 64%) Blork the orc's mind is blasted!
Aiming: Mindburst
Press: ? - help, Shift-Dir - straight line, f/p - Blork the orc
Aim: Blork the orc, wielding a +0 scimitar and wearing a +0 robe (heavily wounded, fast, bound in place, chance to affect: 64%) Blork the orc struggles to resist.
Aiming: Mindburst
Press: ? - help, Shift-Dir - straight line, f/p - Blork the orc
Aim: Blork the orc, wielding a +0 scimitar and wearing a +0 robe (heavily wounded, fast, bound in place, chance to affect: 64%) Blork the orc struggles to resist.
Blork the orc gestures at you while chanting.
The magic dart hits you.
* * * LOW HITPOINT WARNING * * *
Aiming: Mindburst
Press: ? - help, Shift-Dir - straight line, f/p - Blork the orc
Aim: Blork the orc, wielding a +0 scimitar and wearing a +0 robe (heavily wounded, fast, bound in place, chance to affect: 64%) Blork the orc's mind is blasted!
Blork the orc casts a spell at you. The puff of flame hits you!
You die...

##..........##....#
#...#..#....#..####
#....###.......#
##^..###.......##
###...##.........#
##.#..)....##......#
##...o..##...#####...
#............# ###...
##..@........###...##
##....#.##..........
##..#### .........
.... .....##.. ##...#
....#... #####
.#...... ##.....
##..... #...[..


You could see Blork the orc (fast, bound).

Vanquished Creatures
  An orc wizard (D:3)
  4 gnolls (D:3)
  8 adders
  A worm (D:4)
  3 dart slugs
  7 orcs
  10 endoplasms
  3 giant cockroaches
  8 goblins
  7 hobgoblins
  7 jackals
  A quokka (D:3)
  11 ball pythons
  A bat (D:1)
  4 frilled lizards
  5 kobolds
  12 rats
93 creatures vanquished.

Notes
Turn   | Place    | Note
-------+----------+-------------------------------------------
     0 | D:1      | jlumianski the Deep Elf Hexslinger began the quest for the
                  | Orb.
     0 | D:1      | Reached XP level 1. HP: 11/11 MP: 5/5
    40 | D:1      | Found a faded altar of an unknown god.
   104 | D:1      | Reached XP level 2. HP: 10/16 MP: 6/6
   257 | D:1      | Learned a level 2 spell: Jinxbite
   858 | D:1      | Reached XP level 3. HP: 20/20 MP: 7/7
   862 | D:1      | Learned a level 3 spell: Inner Flame
  1451 | D:2      | Reached skill level 5 in Hexes
  1659 | D:2      | Reached XP level 4. HP: 22/24 MP: 5/8
  2308 | D:4      | Reached skill level 1 in Fighting
  2537 | D:3      | Reached XP level 5. HP: 26/29 MP: 6/11
  2648 | D:3      | Found an iron altar of Okawaru.
  2972 | D:3      | Found a runed translucent door.
  2975 | D:3      | Noticed jpeg9000's ghost (amateur TrSh)
  3043 | D:4      | Noticed Blork the orc
  3306 | D:5      | Entered Level 5 of the Dungeon
  3316 | D:4      | Learned a level 3 spell: Sigil of Binding
  3470 | D:4      | Found a white marble altar of Elyvilon.
  3542 | D:4      | Reached skill level 5 in Ranged Weapons
  3600 | D:3      | Reached skill level 1 in Stealth
  4216 | D:4      | Found a hazy altar of Hepliaklqana.
  4222 | D:4      | Became a worshipper of Hepliaklqana the Forgotten
  4347 | D:4      | Killed from afar by Blork the orc

Illustrated notes

Levels and vault maps discovered:
D:1:      lightli_iron_boxes, layout_loops_ring,
          shapermc_ecumenical_altar_totnotflames
D:2:      layout_basic
D:3:      layout_basic, hellmonk_okawaru_the_only_friend_you_need,
          ebering_ghost_reflecting_pool
D:4:      layout_cave_pools, nicolae_hepliaklqana_hippocampus,
          lemuel_tele_altar, minmay_misc_feat_chi, uniq_blork_the_orc
D:5:      layout_basic, mainiacjoe_overflow_six_doors_small,
          minmay_temple_entry_antechambers, minmay_bent, uniq_eustachio,
          uniq_edmund, uniq_duvessa, uniq_sigmund

Skill      XL: |  1  2  3  4  5 |
---------------+----------------+-----
Ranged Weapons | 3 4 5 |  5.2
Hexes          | 5 |  5.7
Spellcasting   | 2 3 |  3.2
Fighting       | 1 |  1.5
Stealth        | 1 |  1.4
Dodging        | |  2.8
Fire Magic     | |  1.1

Action                     |  1- 3 |  4- 6 || total
---------------------------+-------+-------++-------
   Fire: Sling             |    92 |   120 ||   212
  Throw: Dart              |       |     3 ||     3
   Cast: Jinxbite          |    14 |    22 ||    36
         Inner Flame       |       |     1 ||     1
         Sigil of Binding  |       |     5 ||     5
  Evoke: Wand              |       |     4 ||     4
    Use: Scroll            |     2 |     4 ||     6
         Potion            |       |     3 ||     3
 Armour: Robe              |    16 |    45 ||    61
  Dodge: Dodged            |    33 |    43 ||    76

Table legend: (Time is in decaauts)
 A = Elapsed time spent in this place.
 B = Non-inter-level travel time spent in this place.
 C = Inter-level travel time spent in this place.
 D = Time resting spent in this place.
 E = Time spent auto-exploring this place.
 F = Levels seen in this place.
 G = Mean time per level.
                   A        B        C        D        E       F      G
               +--------+--------+--------+--------+--------+-----+--------+
         Total |   4402 |   4351 |     51 |    583 |   2226 |   5 |  880.4 |
       Dungeon |   4402 |   4351 |     51 |    583 |   2226 |   5 |  880.4 |
               +--------+--------+--------+--------+--------+-----+--------+

Top non-repeatable levels by time:
     D:3: 1488 daAuts
     D:2: 1093 daAuts
     D:1: 1090 daAuts
     D:4: 727 daAuts
     D:5: 3 daAuts
